 Dungeon Crawl Stone Soup version 0.21.1-1-g345015fe64 (webtiles) character file.

108 Peloso the Shield-Bearer (level 4, -5/40 HPs)
             Began as a Deep Dwarf Fighter on Apr 17, 2018.
             Slain by Grinder (8 damage)
             ... on level 3 of the Dungeon.
             The game lasted 00:03:14 (1431 turns).

Peloso the Shield-Bearer (Deep Dwarf Fighter)       Turns: 1431, Time: 00:03:15

Health: -5/40      AC: 12    Str: 25    XL:     4   Next: 58%
Magic:  4/4        EV:  8    Int:  9    God:
Gold:   104        SH: 10    Dex: 12    Spells: 3/3 levels left

rFire    . . .     SeeInvis .   a - +0 long sword
rCold    . . .     Gourm    .   c - +0 shield
rNeg     . . .     Faith    .   b - +0 scale mail
rPois    .         Spirit   .   i - +2 helmet
rElec    .         Reflect  .   j - +0 cloak
rCorr    .         Harm     .   (no gloves)
MR       .....                  k - +0 pair of boots
Stlth    ..........             (no amulet)
HPRegen  0.00/turn              (no ring)
MPRegen  0.09/turn              (no ring)

@: mighty, non-regenerating
A: damage resistance, heal wounds, sense surroundings 1, no regeneration
a: Heal Wounds


You were on level 3 of the Dungeon.
You were not hungry.

You visited 1 branch of the dungeon, and saw 3 of its levels.

You collected 104 gold pieces.

Inventory:

Hand Weapons
 a - a +0 long sword (weapon)
Armour
 b - a +0 scale mail (worn)
 c - a +0 shield (worn)
 i - a +2 helmet (worn)
 j - a +0 cloak (worn)
 k - a +0 pair of boots (worn)
Scrolls
 g - 2 scrolls of identify {unknown}
 l - a scroll of noise {unknown}
 o - a scroll of teleportation {unknown}
 p - a scroll of immolation {unknown}
 q - a scroll of enchant armour {unknown}
 r - 2 scrolls of remove curse {unknown}
Potions
 e - a potion of curing {unknown}
 h - a potion of mutation {unknown}
 m - a potion of invisibility {unknown}
Comestibles
 f - 7 rations


   Skills:
 + Level 2.8 Fighting
 + Level 3.4 Long Blades
 + Level 3.7 Armour
 + Level 1.9 Dodging
 + Level 4.0 Shields


You had 3 spell levels left.
You didn't know any spells.

Dungeon Overview and Level Annotations

Branches:
Dungeon (3/15)

Altars:
Trog

Annotations:
D:3 Grinder


Innate Abilities, Weirdness & Mutations

You are resistant to damage.
You can heal yourself by infusing magical energy.
You passively map a small area around you.
You do not regenerate.


Message History

You block Grinder's attack.
A dart slug comes into view.
You feel very mighty all of a sudden.
Grinder says, "I used to sell toenails on the black market."
Grinder gestures at you. Pain shoots through your body!
* * * LOW HITPOINT WARNING * * *
You block Natasha's attack.
You hit Natasha.
Natasha is severely wounded.
Grinder drinks a potion.
Grinder seems to grow stronger.
Natasha claws you but does no damage. Grinder hits you but does no damage.
You block Natasha's attack.
Unknown command.
You slice Natasha!!
You kill Natasha!
Natasha growls in agony!
Your Dodging skill increases to level 1!
The kobold hits you but does no damage. Grinder hits you!
You die...

, * * # #.# #.
#, #.#* * , #.
#.##.# *
#.##.##.#### *
* ....##.....,
.
###..##..####K#
* #....K.......
, ,#.@....w.).
, ,#5#....### ,
#.#.#.## ,* , *
#.#...# * * *
#.#..## ,
#.#..# ,
,#.#..### *
#.#......###.#
#............#


You could see Grinder, a dart slug and a kobold.

Vanquished Creatures
  Natasha (D:3)
  4 adders
  A dart slug (D:3)
  A leopard gecko (D:2)
  2 giant cockroaches
  7 goblins
  7 hobgoblins
  3 jackals (D:1)
  3 kobolds
  A ball python (D:2)
  7 bats
  2 frilled lizards
  5 rats
44 creatures vanquished.

Notes
Turn   | Place    | Note
-------+----------+-------------------------------------------
     0 | D:1      | Peloso the Deep Dwarf Fighter began the quest for the Orb.
     0 | D:1      | Reached XP level 1. HP: 20/20 MP: 1/1
   240 | D:1      | Reached XP level 2. HP: 16/27 MP: 2/2
   714 | D:2      | Reached XP level 3. HP: 18/33 MP: 3/3
  1033 | D:2      | Found a bloodstained altar of Trog.
  1329 | D:3      | Reached skill level 4 in Shields
  1329 | D:3      | Reached XP level 4. HP: 22/40 MP: 4/4
  1421 | D:3      | Noticed Natasha
  1426 | D:3      | Noticed Grinder
  1431 | D:3      | Killed Natasha
  1431 | D:3      | Reached skill level 1 in Dodging
  1431 | D:3      | Slain by Grinder

Skill      XL: |  1  2  3  4 |
---------------+-------------+-----
Long Blades    | 3 |  3.4
Shields        | 4 |  4.0
Dodging        | 1 |  1.9
Fighting       | |  2.8
Armour         | |  3.7

Action                   |  1- 3 |  4- 6 || total
-------------------------+-------+-------++-------
Melee: Long sword        |   121 |    13 ||   134
  Use: Potion            |       |     1 ||     1
  Eat: Chunk             |     2 |       ||     2
Armor: Scale mail        |    89 |     7 ||    96
Dodge: Dodged            |    42 |     1 ||    43
Block: Shield            |    72 |    10 ||    82
       Rpst.: Long sword |    17 |     1 ||    18
